 Dungeon Crawl Stone Soup version 0.21.1-1-g345015fe64 (webtiles) character file.

763 NullDivider the Ducker (level 7, 0/37 HPs)
             Began as a Spriggan Artificer on May 9, 2018.
             Was an Initiate of Gozag.
             Slain by Grinder (1 damage)
             ... while paralysed by Grinder
             ... on level 5 of the Dungeon.
             The game lasted 00:25:22 (7577 turns).

NullDivider the Ducker (Spriggan Artificer)         Turns: 7577, Time: 00:25:23

Health: 0/37       AC:  2    Str:  8    XL:     7   Next: 51%
Magic:  11/11      EV:  4    Int: 12    God:    Gozag
Gold:   390        SH:  0    Dex: 19    Spells: 6/6 levels left

rFire    . . .     SeeInvis +   a - +0 short sword
rCold    . . .     Gourm    .   (shield restricted)
rNeg     + . .     Faith    .   b - +0 robe
rPois    .         Spirit   .   (helmet restricted)
rElec    .         Reflect  .   (no cloak)
rCorr    .         Harm     .   (gloves unavailable)
MR       +....                  (boots unavailable)
Stlth    +++.......             r - amulet of regeneration
HPRegen  0.52/turn              o - ring of positive energy
MPRegen  0.12/turn              (no ring)

@: paralysed, very quick
A: very small, unfitting armour, see invisible, herbivore, speed 3, slow
metabolism 2
a: Potion Petition, Call Merchant, Bribe Branch, Renounce Religion


You were on level 5 of the Dungeon.
You worshipped Gozag.
Gozag was aware of your devotion.
You were near starving.

You visited 1 branch of the dungeon, and saw 5 of its levels.

You collected 548 gold pieces.
You spent 139 gold pieces at shops.
You paid 19 gold pieces to Gozag.

Inventory:

Hand Weapons
 a - a +0 short sword (weapon)
 j - a +0 hunting sling
Missiles
 e - 18 sling bullets
 l - 26 stones (quivered)
Armour
 b - a +0 robe (worn)
Jewellery
 o - a ring of positive energy (left hand)
 r - an amulet of regeneration (around neck)
Wands
 d - a wand of enslavement (13)
Scrolls
 c - 2 scrolls of remove curse
 h - 2 scrolls of fear {unknown}
 i - a scroll of immolation {unknown}
 k - 7 scrolls of teleportation
 n - a scroll of magic mapping
 p - 2 scrolls of identify
 x - a scroll of enchant armour {unknown}
 y - a scroll of amnesia {unknown}
 A - a scroll of blinking {unknown}
Potions
 g - 2 potions of degeneration {unknown}
 m - a potion of might {unknown}
 q - 2 potions of flight {unknown}
 s - a potion of invisibility {unknown}
 t - a potion of lignification {unknown}
 u - a potion of cancellation {unknown}
 v - 2 potions of heal wounds {unknown}
 w - a potion of berserk rage {unknown}
 z - a potion of brilliance {unknown}
Comestibles
 f - 5 rations


   Skills:
 * Level 4.1 Fighting
 + Level 3.8 Short Blades
 + Level 6.1 Dodging
 + Level 5.6 Stealth
 - Level 5.0 Evocations


You had 6 spell levels left.
You didn't know any spells.

Dungeon Overview and Level Annotations

Branches:
Dungeon (5/15)
 Temple: D:4-7

Altars:
Gozag
Nemelex Xobeh

Shops:
D:2 *   D:4 **?

Annotations:
D:5 Grinder


Innate Abilities, Weirdness & Mutations

You are very small and have problems with some larger weapons.
You are too small for most types of armour.
You have supernaturally acute eyesight. (SInv)
You are a herbivore.
You cover ground extremely quickly.
You need consume almost no food.


Message History

You suddenly lose the ability to move!
Grinder gestures at you. You resist with significant effort.
Grinder barely misses you. Grinder hits you!
You writhe in agony.
The crimson imp shouts, "Escape, thou loggerheaded guts-griping Cock-Lorel!"
The crimson imp hits you. Grinder hits you. The crimson imp hits you.
Grinder says, "I used to sell toenails on the black market."
Grinder hits you!
* * * LOW HITPOINT WARNING * * *
You writhe in agony.
* * * LOW HITPOINT WARNING * * *
The crimson imp hits you.
* * * LOW HITPOINT WARNING * * *
Grinder hits you.
* * * LOW HITPOINT WARNING * * *
You writhe in agony.
You die...
Your body crumbles into a pile of gold.

...#...(((.((.<(..(#
##...######.####(###
##..## #.# #.# #...#
#.# #.#
...#######..# #.#
#........#.## #.#
#.#.####.#.# #.###
#.#.###..<.# #5..#
...........# #@#.#
#....##.>..# #5#.#
###..###...# #.# #
#..# ##..# #.#
#..####..#####.#
#..............#
#.#####..####### #.#
###..#
###.###....#######


You could see Grinder and a crimson imp.

Vanquished Creatures
  Sigmund (D:4)
  An ogre (D:3)
  A water moccasin skeleton (D:5)
  A jelly (D:5)
  An orc wizard (D:5)
  A centaur skeleton (D:4)
  A hound (D:5)
  3 iguanas
  3 worker ants
  12 adders
  2 worms
  A dart slug (D:2)
  3 leopard geckos
  4 orcs (D:3)
  2 giant cockroaches
  18 hobgoblins
  7 jackals
  6 kobolds
  3 quokkas
  A ball python (D:1)
  14 bats
  4 frilled lizards
  17 goblins
  A quokka zombie (D:2)
  13 rats
121 creatures vanquished.

Vanquished Creatures (collateral kills)
  2 orcs (D:5)
  2 quokkas (D:3)
4 creatures vanquished.

Grand Total: 125 creatures vanquished

Notes
Turn   | Place    | Note
-------+----------+-------------------------------------------
     0 | D:1      | NullDivider the Spriggan Artificer began the quest for the Orb.
     0 | D:1      | Reached XP level 1. HP: 9/9 MP: 4/4
   345 | D:1      | Reached skill level 1 in Fighting
   384 | D:1      | Reached XP level 2. HP: 14/14 MP: 6/6
  1384 | D:1      | Reached XP level 3. HP: 15/18 MP: 7/7
  2600 | D:2      | Reached XP level 4. HP: 15/23 MP: 8/8
  2928 | D:2      | Reached skill level 4 in Dodging
  3451 | D:2      | Found Gozag's Platinum Reserve.
  3676 | D:2      | Found an opulent altar of Gozag.
  3693 | D:2      | Became a worshipper of Gozag Ym Sagoz the Greedy
  3798 | D:3      | Reached XP level 5. HP: 27/27 MP: 9/9
  5493 | D:3      | Noticed an ogre
  5531 | D:3      | Killed an ogre
  5531 | D:3      | Reached skill level 5 in Evocations
  5531 | D:3      | Reached XP level 6. HP: 32/32 MP: 10/10
  5607 | D:4      | Found Irymas's General Store.
  5613 | D:4      | Reached skill level 5 in Dodging
  5749 | D:4      | Found Hoceuf's General Store.
  5757 | D:4      | Bought a scroll of identify for 20 gold pieces
  5791 | D:4      | Noticed Sigmund
  5799 | D:4      | Killed Sigmund
  5854 | D:4      | Reached XP level 7. HP: 13/36 MP: 11/11
  5909 | D:4      | Found Linnyina's Magic Scroll Shoppe.
  5921 | D:4      | Reached skill level 5 in Stealth
  5946 | D:4      | Bought a scroll of remove curse for 42 gold pieces
  5946 | D:4      | Bought a scroll of magic mapping for 49 gold pieces
  5946 | D:4      | Bought a scroll of identify for 28 gold pieces
  6062 | D:4      | Found a sparkling altar of Nemelex Xobeh.
  6735 | D:5      | Entered Level 5 of the Dungeon
  6961 | D:5      | Reached skill level 6 in Dodging
  7563 | D:5      | Noticed Grinder
  7571 | D:5      | Paralysed by Grinder for 7 turns
  7577 | D:5      | HP: 1/37 [Grinder (4)]
  7577 | D:5      | Slain by Grinder

Skill      XL: |  1  2  3  4  5  6  7 |
---------------+----------------------+-----
Fighting       | 1 2 3 4 |  4.1
Stealth        | 2 3 4 5 |  5.6
Short Blades   | 2 3 |  3.8
Dodging        | 4 5 6 |  6.1
Evocations     | 5 |  5.0

Action                   |  1- 3 |  4- 6 |  7- 9 || total
-------------------------+-------+-------+-------++-------
Melee: Short sword       |   215 |   280 |   318 ||   813
 Fire: Hunting sling     |       |       |   138 ||   138
Evoke: Wand              |     6 |    25 |     1 ||    32
  Use: Scroll            |       |     2 |     1 ||     3
 Stab: Sleeping          |     5 |    10 |     3 ||    18
       Paralysed         |     1 |     1 |       ||     2
       Distracted        |       |     2 |     1 ||     3
  Eat: Ration            |       |     1 |     1 ||     2
Armor: Robe              |    22 |    17 |    18 ||    57
Dodge: Dodged            |   201 |   258 |   288 ||   747
